 Dungeon Crawl Stone Soup version 0.19-a0-291-ga637243 (webtiles) character file.

1117 mistymad the Sneak (level 8, 0/58 HPs)
             Began as a Vampire Enchanter on May 27, 2016.
             Was a Follower of Dithmenos.
             Succumbed to a wasp's poison
             ... on level 8 of the Dungeon.
             The game lasted 00:37:17 (6218 turns).

mistymad the Sneak (Vampire Enchanter)              Turns: 6218, Time: 00:37:18

Health: 0/58       AC:  0    Str:  7    XL:     8   Next: 12%
Magic:  2/14       EV: 23    Int: 19    God:    Dithmenos [*.....]
Gold:   249        SH:  3    Dex: 20    Spells: 4 memorised, 6 levels left

rFire  . . .     SeeInvis +     (weapon currently unavailable)
rCold  + + .     Gourm    .     (armour currently unavailable)
rNeg   + + +     Faith    .     (shield currently unavailable)
rPois  +         Spirit   .     (helmet currently unavailable)
rElec  .         Dismiss  .     (cloak currently unavailable)
rCorr  .         Reflect  +     (gloves currently unavailable)
SustAt .         Harm     .     (boots currently unavailable)
MR     .....                    s - +3 amulet of reflection
Stlth  +++++.....               (ring currently unavailable)
                                (ring currently unavailable)

@: lethally poisoned (0 -> -2), bat-form, flying, regenerating slowly, wreathed
by umbra, very quick, not resistant to hostile enchantments, quite stealthy
A: fangs 3, see invisible, (unbreathing)
a: End Transformation, Renounce Religion


You were on level 8 of the Dungeon.
You worshipped Dithmenos.
Dithmenos was aware of your devotion.
You were near bloodless.
You were in vampire-bat-form.
You visited 1 branch of the dungeon, and saw 6 of its levels.

You collected 309 gold pieces.
You spent 60 gold pieces at shops.

Inventory:

Hand Weapons
 p - a +0 blowgun
 t - the +1 dagger of the Orb (melded) {antimagic, rC+ Str-2 Dex+7 Stlth+}
   (You found it on level 4 of the Dungeon)

   It disrupts the flow of magical energy around spellcasters and certain
   magical creatures (including the wielder).
   It affects your strength (-2).
   It affects your dexterity (+7).
   It protects you from cold.
   It makes you more stealthy.
Missiles
 h - 3 needles of confusion
 k - 24 poisoned needles
 r - 2 needles of sleeping (quivered)
Armour
 b - a +1 robe (melded)
Jewellery
 m - a +5 ring of protection (melded)
 o - a +1 ring of protection (melded)
 s - a +3 amulet of reflection (around neck)
Wands
 a - a wand of iceblast (6/15)
 v - a wand of iceblast (6/15)
Scrolls
 j - 3 scrolls of remove curse
 q - a scroll of recharging
Potions
 d - 15 potions of blood
 g - 2 potions of heal wounds
 i - a potion of agility {unknown}
 l - a potion of curing {unknown}
 n - a potion of cancellation {unknown}
 u - a potion of brilliance {unknown}
Books
 c - a book of Maledictions

   Spells                             Type                      Level
   a - Corona                         Hexes                        1
   b - Ensorcelled Hibernation        Hexes/Ice                    2
   c - Confuse                        Hexes                        3
   d - Tukima's Dance                 Hexes                        3
   e - Dazzling Spray                 Conjuration/Hexes            3
 e - a book of Clouds

   Spells                             Type                      Level
   a - Mephitic Cloud                 Conjuration/Poison/Air       3
   b - Conjure Flame                  Conjuration/Fire             3
   c - Poisonous Cloud                Conjuration/Poison/Air       6
   d - Freezing Cloud                 Conjuration/Ice/Air          6
   e - Ring of Flames                 Charms/Fire                  7


   Skills:
 + Level 3.5 Fighting
 + Level 4.3 Short Blades
 + Level 4.2 Dodging
 + Level 7.4 Stealth
 + Level 4.3 Spellcasting
 + Level 6.8 Hexes


You had 6 spell levels left.
You knew the following spells:

 Your Spells              Type           Power        Failure   Level  Hunger
a - Corona                Hex            ####...      1%          1    None
b - Ensorcelled Hibernat  Hex/Ice        ###...       6%          2    #......
c - Tukima's Dance        Hex            ####....     2%          3    ###....
d - Confuse               Hex            ####....     2%          3    ###....


Dungeon Overview and Level Annotations

Branches:
Dungeon (5/15)
 Temple: D:4-7

Altars:
Dithmenos
Gozag
Qazlal
Vehumet
Xom
The Shining One

Shops:
D:4 [=?*

Annotations:
D:5 Eustachio


Innate Abilities, Weirdness & Mutations

You heal slowly.
You have razor-sharp teeth.
You have supernaturally acute eyesight. (SInv)
((You can survive without breathing.))


Message History

* * * LOW HITPOINT WARNING * * *
The black bear misses you.
You take 9 damage, and have 12/58 hp.
You now have 0/14 mp.
You see here a royal jelly.
The wasp misses you.
One of your 16 potions of blood rots away.
The black bear bites you.
* * * LOW HITPOINT WARNING * * *
The black bear closely misses you. The black bear completely misses you.
You take 2 damage, and have 10/58 hp.
The black bear bites you!
* * * LOW HITPOINT WARNING * * *
The black bear completely misses you. The black bear closely misses you.
You take 9 damage, and have 1/58 hp.
* * * LOW HITPOINT WARNING * * *
You feel sick.
You can't do that in your present form.
Unknown command.
You can't do that in your present form.
You die...

.. .. #.##
..# ..##
#..######
#........
#b.......
##.#######
#..# ##.y#
###..##
.#####....#
..........#
#...###.#..#
### ##.###.#


You could see a wasp.

Vanquished Creatures
  Grinder (D:4)
  An ice beast (D:5)
  3 ogres
  A scorpion (D:4)
  A crimson imp (D:5)
  A hound (D:4)
  3 orc wizards
  A giant frog skeleton (D:5)
  An orc priest (D:3)
  A centaur skeleton (D:4)
  Jessica (D:3)
  2 iguanas (D:4)
  2 worker ants
  A hound zombie (D:5)
  5 adders
  3 oozes
  2 worms (D:2)
  4 dart slugs
  3 giant geckos
  13 orcs
  6 bats
  4 giant cockroaches
  6 hobgoblins
  6 jackals
  2 quokkas
  2 ball pythons (D:1)
  4 giant newts (D:2)
  4 goblins
  8 kobolds
  A quokka skeleton (D:5)
  4 rats
97 creatures vanquished.

Vanquished Creatures (collateral kills)
  An orc (D:3)
1 creature vanquished.

Grand Total: 98 creatures vanquished

Notes
Turn   | Place    | Note
--------------------------------------------------------------
     0 | D:1      | mistymad the Vampire Enchanter began the quest for the Orb.
     0 | D:1      | Reached XP level 1. HP: 13/13 MP: 3/3
   618 | D:1      | Reached XP level 2. HP: 18/20 MP: 3/5
  1078 | D:1      | Learned a level 2 spell: Ensorcelled Hibernation
  1205 | D:1      | Reached skill level 1 in Fighting
  1225 | D:1      | Reached XP level 3. HP: 24/26 MP: 4/6
  2378 | D:2      | Reached XP level 4. HP: 26/32 MP: 3/7
  2747 | D:3      | Reached skill level 5 in Hexes
  3042 | D:3      | Found an opulent altar of Gozag.
  3300 | D:2      | Reached skill level 5 in Stealth
  3317 | D:3      | Reached XP level 5. HP: 38/38 MP: 0/9
  3590 | D:3      | Noticed Jessica
  3600 | D:3      | Killed Jessica
  4013 | D:3      | Learned a level 3 spell: Tukima's Dance
  4017 | D:3      | Learned a level 3 spell: Confuse
  4105 | D:3      | Found a radiant altar of Vehumet.
  4156 | D:3      | Found a shadowy altar of Dithmenos.
  4158 | D:3      | Found a shimmering altar of Xom.
  4162 | D:3      | Became a worshipper of Dithmenos the Shadowed
  4169 | D:3      | Found a glowing golden altar of the Shining One.
  4260 | D:4      | Reached XP level 6. HP: 44/44 MP: 10/10
  4444 | D:4      | Reached skill level 6 in Stealth
  4449 | D:4      | Found Ylesk's Magic Scroll Shoppe.
  4461 | D:4      | Bought a scroll of identify for 20 gold pieces
  4461 | D:4      | Bought a scroll of noise for 10 gold pieces
  4461 | D:4      | Bought a scroll of random uselessness for 10 gold pieces
  4469 | D:4      | Bought a scroll of identify for 20 gold pieces
  4512 | D:4      | Found Jihyvvus's Jewellery Shoppe.
  4667 | D:4      | Found Juen's Armour Emporium.
  5028 | D:4      | Found Samigo's Assorted Antiques.
  5072 | D:4      | Noticed Grinder
  5087 | D:4      | Killed Grinder
  5087 | D:4      | Reached XP level 7. HP: 37/51 MP: 2/12
  5246 | D:4      | Got a warped dagger
  5247 | D:4      | Identified the +1 dagger of the Orb {antimagic, rC+ Str-2 Dex+7 Stlth+} (You found it on level 4 of the Dungeon)
  5416 | D:5      | Entered Level 5 of the Dungeon
  5487 | D:4      | Reached skill level 7 in Stealth
  5832 | D:5      | Noticed Eustachio
  5895 | D:5      | Reached XP level 8. HP: 55/58 MP: 2/14
  6069 | D:5      | Reached * piety under Dithmenos
  6109 | D:5      | Found a stormy altar of Qazlal.
  6185 | D:5      | You fall through a shaft for 3 floors!
  6200 | D:8      | HP: 1/58 [black bear (9)]
  6205 | D:8      | HP: 1/58 [poisoned by a wasp]
  6218 | D:8      | Succumbed to a wasp's poison

Vault maps used:
D:1:      eino_arrival_cavern_b, st_stairs_14
D:2:      first_bread
D:3:      grunt_gozag_breadcrumbs, minitemple, minmay_door_square, uniq_jessica
D:4:      serial_shops, shop, shop, nicolae_shop_behind_doors,
          nicolae_shop_stone, st_stairs_14, uniq_grinder
D:5:      old_standard_altar, uniq_eustachio, uniq_edmund
D:8:      black_bear_nest_1, nicolae_overflow_crystal_walls, lair_0_dummy,
          uniq_maurice

Skill      XL: |  1  2  3  4  5  6  7 |
---------------+----------------------+-----
Fighting       | 1 2 3 |  3.5
Short Blades   | 2 3 4 |  4.3
Hexes          | 5 6 |  6.8
Stealth        | 5 6 7 |  7.4
Spellcasting   | 3 4 |  4.3
Dodging        | 3 4 |  4.2

Action                   |  1- 3 |  4- 6 |  7- 9 || total
-------------------------+-------+-------+-------++-------
Melee: Dagger            |   123 |   150 |    95 ||   368
       Bite              |    12 |    13 |    12 ||    37
       Unarmed           |       |     3 |       ||     3
 Fire: Blowgun           |       |     4 |       ||     4
 Cast: Corona            |    23 |     6 |       ||    29
       Ensorcelled Hiber |    11 |    35 |     9 ||    55
       Confuse           |       |     9 |     9 ||    18
       Tukima's Dance    |       |     1 |       ||     1
 Abil: Bat Form          |       |     1 |     1 ||     2
       End Transformatio |       |     1 |       ||     1
  Use: Potion            |     3 |     5 |     2 ||    10
       Scroll            |       |     6 |     2 ||     8
 Stab: Sleeping          |    17 |    20 |     7 ||    44
       Confused          |       |     3 |     5 ||     8
       Distracted        |       |       |     1 ||     1
Armor: Robe              |    25 |    24 |    24 ||    73
Dodge: Dodged            |    72 |    92 |    78 ||   242
Block: Other             |       |     1 |     8 ||     9
